 Dungeon Crawl Stone Soup version 0.24-a0-537-g2d01d4ab0a (webtiles) character file.

Game seed: 7536954232277306856

56 Drevant2 the Conjurer (level 3, -3/19 HPs)
             Began as a Tengu Conjurer on Aug 14, 2019.
             Slain by a gnoll (5 damage)
             ... on level 1 of the Dungeon.
             The game lasted 00:06:20 (1749 turns).

Drevant2 the Conjurer (Tengu Conjurer)              Turns: 1749, Time: 00:06:20

Health: -3/19      AC:  2    Str: 14    XL:     3   Next: 95%
Magic:  1/7        EV: 13    Int: 15    God:
Gold:   51         SH:  0    Dex: 16    Spells: 3/6 levels left

rFire    . . .     SeeInvis .   i - +1 dagger (speed)
rCold    . . .     Gourm    .   (no shield)
rNeg     . . .     Faith    .   a - +0 robe
rPois    .         Spirit   .   (helmet restricted)
rElec    .         Reflect  .   (no cloak)
rCorr    .         Harm     .   (no gloves)
MR       +....                  (boots unavailable)
Stlth    ++........             (no amulet)
HPRegen  0.06/turn              (no ring)
MPRegen  0.10/turn              (no ring)

@: mighty
A: beak, talons 3, agile 1, magic resistance 1
a: no special abilities


You were on level 1 of the Dungeon.
You were hungry.

You visited 1 branch of the dungeon, and saw 2 of its levels.

You collected 51 gold pieces.

Inventory:

Hand Weapons
 i - a +1 dagger of speed (weapon)
Armour
 a - a +0 robe (worn)
Scrolls
 b - 3 scrolls of remove curse {unknown}
 d - 2 scrolls of identify {unknown}
 e - a scroll of fear {unknown}
 f - a scroll of noise {unknown}
 g - 2 scrolls of fog {unknown}
Potions
 h - a potion of mutation
Comestibles
 c - a ration
 k - a chunk of flesh


   Skills:
 - Level 2.1 Dodging
 - Level 2.0 Stealth
 - Level 2.0 Spellcasting
 + Level 7.2 Conjurations


You had 3 spell levels left.
You knew the following spells:

 Your Spells              Type           Power        Failure   Level  Hunger
a - Magic Dart            Conj           ###.         1%          1    #......
b - Searing Ray           Conj           ###...       1%          2    ###....

Your spell library contained the following spells:

 Spells                   Type           Power        Failure   Level  Hunger
 Dazzling Spray           Conj/Hex       ##....       16%         3    ###....
 Iskenderun's Mystic Bla  Conj           ###.....     12%         4    #####..
 Force Lance              Conj/Tloc      ##......     45%         4    #####..
 Fulminant Prism          Conj/Hex       ##........   45%         4    #####..


Dungeon Overview and Level Annotations

Branches:
Dungeon (2/15)

Altars:


Innate Abilities, Weirdness & Mutations

You have a beak for a mouth.
You have claws for feet.
You are agile. (Dex +2)
You are resistant to hostile enchantments. (MR+)


Message History

The searing ray hits the gnoll.
The gnoll is moderately wounded. (Press . to maintain the ray.)
The gnoll hits you!
* * * LOW HITPOINT WARNING * * *
The searing ray hits the gnoll.
The gnoll is heavily wounded.
The gnoll hits you.
* * * LOW HITPOINT WARNING * * *
Without enough magic to sustain it, your searing ray dissipates.
The gnoll hits you.
* * * LOW HITPOINT WARNING * * *
It was a potion of mutation.
You feel extremely strange.
You feel agile.
You feel resistant to hostile enchantments.
The gnoll closely misses you.
It was a potion of might.
You feel very mighty all of a sudden. The gnoll hits you.
You die...

########### #.........####
#######............########
.............)..##.#......#
.##............###.#......#
.#....###.#.##.###.#......#
....#.###.#......#.#......#
..........[....)@g.....>..##
.....######......#.........#
.....######................#
...............##..........#
............#####..........#
.......###.........#.......#
#....#####...#####.#.......####
.............#.....#..........#
.#.#.#####...#.#####.##.......#


You could see a gnoll.

Vanquished Creatures
  An adder (D:2)
  An ooze (D:2)
  2 dart slugs
  5 bats
  7 goblins
  5 hobgoblins
  3 jackals (D:1)
  2 kobolds (D:1)
  A quokka (D:2)
  A ball python (D:2)
  3 frilled lizards
  5 rats
36 creatures vanquished.

Notes
Turn   | Place    | Note
-------+----------+-------------------------------------------
     0 | D:1      | Drevant2 the Tengu Conjurer began the quest for the Orb.
     0 | D:1      | Reached XP level 1. HP: 10/10 MP: 4/4
   223 | D:1      | Reached XP level 2. HP: 15/15 MP: 1/6
   491 | D:1      | Reached skill level 6 in Conjurations
   595 | D:1      | Learned a level 2 spell: Searing Ray
   919 | D:1      | Reached XP level 3. HP: 18/19 MP: 5/7
  1709 | D:2      | Reached skill level 7 in Conjurations
  1748 | D:1      | Gained mutation: You are agile. (Dex +2) [potion of
                  | mutation]
  1748 | D:1      | Gained mutation: You are resistant to hostile enchantments.
                  | (MR+) [potion of mutation]
  1749 | D:1      | Slain by a gnoll

Levels and vault maps discovered:
D:1:      roderic_octagonal_star, layout_basic
D:2:      layout_rooms, first_ration, minmay_curled_crystal

Skill      XL: |  1  2  3 |
---------------+----------+-----
Conjurations   | 6 7 |  7.2
Dodging        | |  2.1
Stealth        | |  2.0
Spellcasting   | |  2.0

Action                   || total
-------------------------++-------
Melee: Dagger            ||    33
       Peck              ||     5
       Kick              ||     8
 Cast: Magic Dart        ||    54
       Searing Ray       ||     4
  Use: Potion            ||     2
  Eat: Chunk             ||     3
Armor: Robe              ||    10
Dodge: Dodged            ||    35

Table legend:
 A = Non-vault XP
 B = Vault XP
 C = Vault XP percentage of total XP
 D = Non-vault monster count
 E = Vault monster count
 F = Vault count percentage of total count
                 A         B        C        D         E       F
            +---------+---------+-------+---------+---------+-------
      Total |      80 |       0 |   0.0 |      36 |       0 |   0.0
            +---------+---------+-------+---------+---------+-------
        D:1 |      36 |       0 |   0.0 |      19 |       0 |   0.0
        D:2 |      44 |       0 |   0.0 |      17 |       0 |   0.0
            +---------+---------+-------+---------+---------+-------
